TOP OF THE 1ST |
Northwest Arkansas Naturals batting - Pitching for Frisco RoughRiders : RHP Tim Honaker
|
Pitching: RHP Tim Honaker
|
|
Batting: SHB Jarrod Lindblad
|
0-0: Foul Ball, location: 2F 0-1: Ball 1-1: TRIPLE (Flyball, 9LM, EV 103.1 MPH)
|
Batting: RHB Walt Cogswell
|
0-0: Foul Ball, location: 2F 0-1: Ball 1-1: SINGLE (Groundball, 6D, EV 101.9 MPH) Jarrod Lindblad scores
|
Batting: RHB Javier Solis
|
0-0: Hit by Pitch Walt Cogswell to second
|
Batting: RHB Gavin Jones
|
0-0: Foul Ball, location: 2F 0-1: Swinging Strike 0-2: Strikes out swinging
|
Batting: LHB Robert Wilkins
|
0-0: Called Strike Walt Cogswell steals 3rd base (no throw) 0-1: Called Strike 0-2: Strikes out swinging
|
Batting: RHB Tomas Raya
|
0-0: Ball 1-0: Called Strike 1-1: Swinging Strike 1-2: Ball 2-2: SINGLE (Groundball, 6MD, EV 101.9 MPH) Walt Cogswell scores Javier Solis to second
|
Batting: RHB Ben Garrett
|
0-0: Swinging Strike 0-1: Foul Ball, location: 2F 0-2: Ball 1-2: Foul Ball, location: 2F 1-2: Foul Ball, location: 2F 1-2: Strikes out swinging
|
Top of the 1st over - 2 runs, 3 hits, 0 errors, 2 left on base; Northwest Arkansas 2 - Frisco 0 |
BOTTOM OF THE 1ST |
Frisco RoughRiders batting - Pitching for Northwest Arkansas Naturals : RHP Paul Corcoran
|
Pitching: RHP Paul Corcoran
|
|
Batting: LHB Mike Sammons
|
0-0: Ball 1-0: Foul Ball, location: 2F 1-1: Ground out 4-3 (Groundball, 4D, EV 104.4 MPH)
|
Batting: RHB Rodolfo Contreras
|
0-0: Called Strike 0-1: Ball 1-1: Swinging Strike 1-2: Strikes out swinging
|
Batting: LHB Gabriel Graves
|
0-0: Ball 1-0: Ball 2-0: Ball 3-0: Called Strike 3-1: Ground out 1-3 (Groundball, 13, EV 61.9 MPH)
|
Bottom of the 1st over - 0 runs, 0 hits, 0 errors, 0 left on base; Northwest Arkansas 2 - Frisco 0 |
TOP OF THE 2ND |
Northwest Arkansas Naturals batting - Pitching for Frisco RoughRiders : RHP Tim Honaker
|
Batting: RHB Egidius Kruger
|
0-0: Called Strike 0-1: Ball 1-1: Fly out, F7 (Flyball, 78S, EV 92.5 MPH)
|
Batting: RHB Doug Carter
|
0-0: Called Strike 0-1: Ground out 1-3 (Groundball, 15S, EV 71.2 MPH)
|
Batting: SHB Jarrod Lindblad
|
0-0: Ball 1-0: Called Strike 1-1: Foul Ball, location: 2F 1-2: Ball 2-2: Ball 3-2: Strikes out looking
|
Top of the 2nd over - 0 runs, 0 hits, 0 errors, 0 left on base; Northwest Arkansas 2 - Frisco 0 |
BOTTOM OF THE 2ND |
Frisco RoughRiders batting - Pitching for Northwest Arkansas Naturals : RHP Paul Corcoran
|
Batting: LHB Alfonso Collazo
|
0-0: Called Strike 0-1: Ball 1-1: Ball 2-1: Foul Ball, location: 2F 2-2: SINGLE (Groundball, 4, EV 108.1 MPH) (infield hit)
|
Batting: RHB Chris Torlak
|
0-0: Called Strike 0-1: Ball 1-1: Ball 2-1: Fielders Choice at 2nd, 4-6 (Groundball, 4, EV 85.6 MPH)
|
Batting: LHB Justin Balthazor
|
0-0: Called Strike Chris Torlak steals 2nd base 0-1: Ball 1-1: Foul Ball, location: 2F 1-2: Ball 2-2: Fly out, F6 (Popup, 6M, EV 55.6 MPH)
|
Batting: RHB Nate Taylor
|
0-0: Ground out 5-3 (Groundball, 56, EV 101.9 MPH)
|
Bottom of the 2nd over - 0 runs, 1 hit, 0 errors, 1 left on base; Northwest Arkansas 2 - Frisco 0 |
TOP OF THE 3RD |
Northwest Arkansas Naturals batting - Pitching for Frisco RoughRiders : RHP Tim Honaker
|
Batting: RHB Walt Cogswell
|
0-0: Called Strike 0-1: Called Strike 0-2: Ball 1-2: Foul Ball, location: 2F 1-2: Ball 2-2: Foul Ball, location: 2F 2-2: Fly out, F8 (Flyball, 8LS, EV 94.4 MPH)
|
Batting: RHB Javier Solis
|
0-0: Swinging Strike 0-1: Called Strike 0-2: Ground out 5-3 (Groundball, 56, EV 103.1 MPH)
|
Batting: RHB Gavin Jones
|
0-0: Ball 1-0: Ball 2-0: Foul Ball, location: 2F 2-1: Foul Ball, location: 2F 2-2: Ball 3-2: Strikes out swinging
|
Top of the 3rd over - 0 runs, 0 hits, 0 errors, 0 left on base; Northwest Arkansas 2 - Frisco 0 |
BOTTOM OF THE 3RD |
Frisco RoughRiders batting - Pitching for Northwest Arkansas Naturals : RHP Paul Corcoran
|
Batting: RHB Darnell Jones
|
0-0: Ball 1-0: SINGLE (Groundball, 56D, EV 100.6 MPH)
|
Batting: LHB Jose Baez
|
0-0: Ball Darnell Jones steals 2nd base (no throw) 1-0: Fly out, F7 (Flyball, 7S, EV 82.5 MPH)
|
Batting: LHB Mike Sammons
|
0-0: Ball 1-0: Ball 2-0: Foul Ball, location: 2F 2-1: Swinging Strike 2-2: Foul Ball, location: 2F 2-2: Ground out 4-3 (Groundball, 4, EV 85.0 MPH) Darnell Jones to third
|
Batting: RHB Rodolfo Contreras
|
0-0: Ball 1-0: Ball 2-0: Ball 3-0: Base on Balls
|
Batting: LHB Gabriel Graves
|
0-0: Ball 1-0: Swinging Strike 1-1: Swinging Strike 1-2: Foul Ball, location: 2F 1-2: Ball 2-2: Hit by Pitch Rodolfo Contreras to second
|
Batting: LHB Alfonso Collazo
|
0-0: Ball 1-0: Ball 2-0: Called Strike 2-1: Ball 3-1: Base on Balls Darnell Jones scores Rodolfo Contreras to third Gabriel Graves to second
|
Batting: RHB Chris Torlak
|
0-0: Swinging Strike 0-1: Called Strike 0-2: Ball 1-2: Foul Ball, location: 2F 1-2: SINGLE (Line Drive, 89M, EV 110.6 MPH) Rodolfo Contreras scores Gabriel Graves to third Alfonso Collazo to second
|
Batting: LHB Justin Balthazor
|
0-0: Swinging Strike 0-1: Ball 1-1: Ball 2-1: Ground out 4-3 (Groundball, 4, EV 79.4 MPH)
|
Bottom of the 3rd over - 2 runs, 2 hits, 0 errors, 3 left on base; Northwest Arkansas 2 - Frisco 2 |
TOP OF THE 4TH |
Northwest Arkansas Naturals batting - Pitching for Frisco RoughRiders : RHP Tim Honaker
|
Batting: LHB Robert Wilkins
|
0-0: Swinging Strike 0-1: Ball 1-1: Called Strike 1-2: Strikes out swinging
|
Batting: RHB Tomas Raya
|
0-0: Ball 1-0: Foul Ball, location: 2F 1-1: Ball 2-1: Foul Ball, location: 2F 2-2: Ball 3-2: Strikes out swinging
|
Batting: RHB Ben Garrett
|
0-0: Foul Ball, location: 2F 0-1: Ball 1-1: Ball 2-1: Swinging Strike 2-2: Strikes out swinging, 2-3 out at first.
|
Top of the 4th over - 0 runs, 0 hits, 0 errors, 0 left on base; Northwest Arkansas 2 - Frisco 2 |
BOTTOM OF THE 4TH |
Frisco RoughRiders batting - Pitching for Northwest Arkansas Naturals : RHP Paul Corcoran
|
Batting: RHB Nate Taylor
|
0-0: Ball 1-0: Called Strike 1-1: Swinging Strike 1-2: Ground out 4-3 (Groundball, 4, EV 80.6 MPH)
|
Batting: RHB Darnell Jones
|
0-0: Ground out 1-3 (Groundball, 15S, EV 65.6 MPH)
|
Batting: LHB Jose Baez
|
0-0: Ball 1-0: Fly out, F7 (Flyball, 7, EV 90.0 MPH)
|
Bottom of the 4th over - 0 runs, 0 hits, 0 errors, 0 left on base; Northwest Arkansas 2 - Frisco 2 |
TOP OF THE 5TH |
Northwest Arkansas Naturals batting - Pitching for Frisco RoughRiders : RHP Tim Honaker
|
Batting: RHB Egidius Kruger
|
0-0: Called Strike 0-1: Ground out 6-3 (Groundball, 6, EV 82.5 MPH)
|
Batting: RHB Doug Carter
|
0-0: Swinging Strike 0-1: Swinging Strike 0-2: Foul Ball, location: 2F 0-2: Strikes out swinging
|
Batting: SHB Jarrod Lindblad
|
0-0: Ball 1-0: Swinging Strike 1-1: Ball 2-1: Swinging Strike 2-2: Ball 3-2: Foul Ball, location: 2F 3-2: Strikes out swinging
|
Top of the 5th over - 0 runs, 0 hits, 0 errors, 0 left on base; Northwest Arkansas 2 - Frisco 2 |
BOTTOM OF THE 5TH |
Frisco RoughRiders batting - Pitching for Northwest Arkansas Naturals : RHP Paul Corcoran
|
Batting: LHB Mike Sammons
|
0-0: Swinging Strike 0-1: Ball 1-1: Ball 2-1: Ball 3-1: Base on Balls
|
Batting: RHB Rodolfo Contreras
|
0-0: Ground out 4-3 (Groundball, 34, EV 105.0 MPH) Mike Sammons to second
|
Batting: LHB Gabriel Graves
|
0-0: Called Strike Mike Sammons is caught stealing 3rd base 2-5 0-1: Ball 1-1: SINGLE (Line Drive, 4MD, EV 105.0 MPH)
|
Batting: LHB Alfonso Collazo
|
0-0: Called Strike Gabriel Graves steals 2nd base (no throw) 0-1: Called Strike 0-2: Fly out, F8 (Flyball, 8LD, EV 89.4 MPH)
|
Bottom of the 5th over - 0 runs, 1 hit, 0 errors, 1 left on base; Northwest Arkansas 2 - Frisco 2 |
TOP OF THE 6TH |
Northwest Arkansas Naturals batting - Pitching for Frisco RoughRiders : RHP Tim Honaker
|
Pitching: RHP Seved Landgre
|
|
Batting: RHB Walt Cogswell
|
0-0: Called Strike 0-1: Called Strike 0-2: Ball 1-2: Fly out, F8 (Flyball, 8RM, EV 85.6 MPH)
|
Batting: RHB Javier Solis
|
0-0: Called Strike 0-1: Called Strike 0-2: Ball 1-2: Ball 2-2: Ball 3-2: Foul Ball, location: 2F 3-2: Base on Balls
|
Batting: RHB Gavin Jones
|
0-0: Ball 1-0: Swinging Strike 1-1: Ball 2-1: Called Strike 2-2: Grounds into double play, 5-4-3 (Groundball, 5, EV 89.4 MPH)
|
Top of the 6th over - 0 runs, 0 hits, 0 errors, 0 left on base; Northwest Arkansas 2 - Frisco 2 |
BOTTOM OF THE 6TH |
Frisco RoughRiders batting - Pitching for Northwest Arkansas Naturals : RHP Paul Corcoran
|
Batting: RHB Chris Torlak
|
0-0: Called Strike 0-1: DOUBLE (Line Drive, 7LM, EV 108.1 MPH)
|
Batting: LHB Justin Balthazor
|
0-0: Intentional Walk
|
Batting: RHB Nate Taylor
|
0-0: Ball 1-0: Called Strike 1-1: Ball 2-1: Fielders Choice at 2nd, 4-6 (Groundball, 4, EV 81.9 MPH) Chris Torlak to third
|
Batting: RHB Darnell Jones
|
0-0: Ball 1-0: Called Strike 1-1: Called Strike 1-2: Foul Ball, location: 2F 1-2: Ball 2-2: Ball 3-2: Foul Ball, location: 2F 3-2: Grounds into double play, 6-4-3 (Groundball, 6MS, EV 90.6 MPH)
|
Bottom of the 6th over - 0 runs, 1 hit, 0 errors, 1 left on base; Northwest Arkansas 2 - Frisco 2 |
TOP OF THE 7TH |
Northwest Arkansas Naturals batting - Pitching for Frisco RoughRiders : RHP Seved Landgre
|
Batting: LHB Robert Wilkins
|
0-0: Called Strike 0-1: Ball 1-1: Foul Ball, location: 2F 1-2: Ball 2-2: Foul Ball, location: 2F 2-2: Foul Ball, location: 2F 2-2: Foul Ball, location: 2F 2-2: Ground out 6-3 (Groundball, 6M, EV 83.8 MPH)
|
Batting: RHB Tomas Raya
|
0-0: Ball 1-0: Called Strike 1-1: Ball 2-1: Foul Ball, location: 2F 2-2: Strikes out swinging, 2-3 out at first.
|
Batting: RHB Ben Garrett
|
0-0: Called Strike 0-1: Swinging Strike 0-2: Ball 1-2: Ball 2-2: Fly out, F8 (Flyball, 89D, EV 91.9 MPH)
|
Top of the 7th over - 0 runs, 0 hits, 0 errors, 0 left on base; Northwest Arkansas 2 - Frisco 2 |
BOTTOM OF THE 7TH |
Frisco RoughRiders batting - Pitching for Northwest Arkansas Naturals : RHP Paul Corcoran
|
Batting: LHB Jose Baez
|
0-0: Ball 1-0: Ball 2-0: Called Strike 2-1: Ball 3-1: Foul Ball, location: 2F 3-2: Strikes out looking
|
Batting: LHB Mike Sammons
|
0-0: Called Strike 0-1: Ball 1-1: Swinging Strike 1-2: Foul Ball, location: 2F 1-2: Fly out, F9 (Flyball, 89M, EV 90.0 MPH)
|
Batting: RHB Rodolfo Contreras
|
0-0: Called Strike 0-1: Swinging Strike 0-2: Ball 1-2: Ball 2-2: Foul Ball, location: 2F 2-2: Foul Ball, location: 2F 2-2: Strikes out looking
|
Bottom of the 7th over - 0 runs, 0 hits, 0 errors, 0 left on base; Northwest Arkansas 2 - Frisco 2 |
TOP OF THE 8TH |
Northwest Arkansas Naturals batting - Pitching for Frisco RoughRiders : RHP Seved Landgre
|
Pitching: RHP Mike Warren
|
|
Batting: RHB Egidius Kruger
|
0-0: Swinging Strike 0-1: Ball 1-1: Ball 2-1: Ball 3-1: Foul Ball, location: 2F 3-2: Foul Ball, location: 2F 3-2: Strikes out swinging
|
Pinch Hitting: LHB Brian Carlson
|
0-0: Ball 1-0: Ball 2-0: Ball 3-0: Base on Balls
|
Batting: SHB Jarrod Lindblad
|
0-0: Bunted foul 0-1: Bunt missed! 0-2: SINGLE (Groundball, 34D, EV 103.8 MPH) Brian Carlson to second
|
Batting: RHB Walt Cogswell
|
0-0: Ball 1-0: Called Strike 1-1: Called Strike 1-2: Ball 2-2: Ball 3-2: Foul Ball, location: 2F 3-2: Foul Ball, location: 2F 3-2: Strikes out swinging
|
Batting: RHB Javier Solis
|
0-0: Ball 1-0: Foul Ball, location: 2F 1-1: Foul Ball, location: 2F 1-2: Fielders Choice at 2nd, 6-4 (Groundball, 6, EV 103.1 MPH)
|
Top of the 8th over - 0 runs, 1 hit, 0 errors, 2 left on base; Northwest Arkansas 2 - Frisco 2 |
BOTTOM OF THE 8TH |
Frisco RoughRiders batting - Pitching for Northwest Arkansas Naturals : RHP Paul Corcoran
|
Pitching: RHP Lionardo Rabelo
|
|
Now in LF: Bryan Alfaro
|
|
Batting: LHB Gabriel Graves
|
0-0: Ball 1-0: Foul Ball, location: 2F 1-1: Ball 2-1: Ground out 4-3 (Groundball, 4, EV 82.5 MPH)
|
Batting: LHB Alfonso Collazo
|
0-0: Ground out 6-3 (Groundball, 4MD, EV 80.0 MPH)
|
Pinch Hitting: LHB Antonio Domingues
|
0-0: Hit by Pitch
|
Batting: LHB Justin Balthazor
|
0-0: Ball Antonio Domingues steals 2nd base 1-0: Foul Ball, location: 2F 1-1: Foul Ball, location: 2F 1-2: Foul Ball, location: 2F 1-2: Strikes out looking
|
Bottom of the 8th over - 0 runs, 0 hits, 0 errors, 1 left on base; Northwest Arkansas 2 - Frisco 2 |
TOP OF THE 9TH |
Northwest Arkansas Naturals batting - Pitching for Frisco RoughRiders : RHP Mike Warren
|
Pitching: RHP Manny Cabrera
|
|
Now at 3B: Chris Naumann
|
|
Batting: RHB Gavin Jones
|
0-0: Foul Ball, location: 2F 0-1: Fly out, F8 (Flyball, 8RS, EV 88.1 MPH)
|
Batting: LHB Robert Wilkins
|
0-0: Ball 1-0: Foul Ball, location: 2F 1-1: Ball 2-1: Swinging Strike 2-2: Ground out 6-3 (Groundball, 6, EV 77.5 MPH)
|
Batting: RHB Tomas Raya
|
0-0: Ball 1-0: Fly out, F8 (Flyball, 8RD, EV 96.9 MPH)
|
Top of the 9th over - 0 runs, 0 hits, 0 errors, 0 left on base; Northwest Arkansas 2 - Frisco 2 |
BOTTOM OF THE 9TH |
Frisco RoughRiders batting - Pitching for Northwest Arkansas Naturals : RHP Lionardo Rabelo
|
Batting: RHB Nate Taylor
|
0-0: Ball 1-0: Foul Ball, location: 2F 1-1: DOUBLE (Line Drive, 89D, EV 106.9 MPH)
|
Pinch Hitting: SHB Isaiah Cherry
|
0-0: Ball 1-0: Foul Ball, location: 2F 1-1: Foul Ball, location: 2F 1-2: SINGLE (Groundball, 34D, EV 108.8 MPH) Nate Taylor to third Runner from 3rd tries for Home, SAFE, throw by RF to home
|
Bottom of the 9th over - 1 run, 2 hits, 0 errors, 0 left on base; Northwest Arkansas 2 - Frisco 3 |
|
Game Over ... Frisco defeats Northwest Arkansas, 3 to 2
|
|
|